 Dungeon Crawl Stone Soup version 0.30-a0-989-g0d87f670db (webtiles) character file.

Game seed: 10618590414353632008

4764 tilp the Covert (level 10, -2/77 HPs)
             Began as a Vampire Enchanter on Apr 3, 2023.
             Was a Priest of Wu Jian.
             Killed from afar by Erica (31 damage)
             ... with a bolt of poison
             ... on level 9 of the Dungeon.
             The game lasted 00:20:19 (11192 turns).

tilp the Covert (Vampire Enchanter)                Turns: 11192, Time: 00:20:19

Health: -2/77      AC: 10    Str: 13    XL:     10   Next: 23%
Magic:  3/16       EV: 14    Int: 29    God:    Wu Jian [***...]
Gold:   865        SH:  4    Dex: 14    Spells: 7/18 levels left

rFire   . . .      SeeInvis +    a - +1 dagger (speed)
rCold   . . .      Faith    .    j - +0 buckler
rNeg    . . .      Spirit   .    J - +0 steam dragon scales
rPois   .          Reflect  .    m - +2 helmet
rElec   .          Rampage  .    (no cloak)
rCorr   .                        (no gloves)
Will    +....                    y - +1 pair of boots
Stlth   ++++                     P - amulet of magic regeneration
HPRegen 0.52/turn                H - +6 ring of strength
MPRegen 0.55/turn                D - +6 ring of intelligence

@: lethally poisoned (-2 -> -12), confusing by touch, healing quickly, slowed,
very slow
A: alive, fangs 3, see invisible, vampiric 2
a: Exsanguinate, Renounce Religion, Wall Jump, Serpent's Lash


You were on level 9 of the Dungeon.
You worshipped Wu Jian.
Wu Jian was most pleased with you.
You visited 2 branches of the dungeon, and saw 10 of its levels.
You also visited: Ossuary and Bailey.

You collected 865 gold pieces.

Inventory:

Hand Weapons
 a - a +1 dagger of speed (weapon)
 b - a +2 scimitar of electrocution
 i - a +0 dagger of venom
 n - a +1 dagger
Missiles
 e - 8 javelins
 o - 19 boomerangs
 q - 7 poisoned darts (quivered)
 B - 2 throwing nets {!f}
 E - a curare-tipped dart
Armour
 j - a +0 buckler (worn)
 m - a +2 helmet (worn)
 y - a +1 pair of boots (worn)
 G - a +2 chain mail of fire resistance
 J - +0 steam dragon scales (worn)
Jewellery
 D - a +6 ring of intelligence (right hand)
 H - a +6 ring of strength (left hand)
 P - an amulet of magic regeneration (around neck)
Wands
 r - a wand of quicksilver (21)
 A - a wand of flame (40)
Scrolls
 d - 2 scrolls of teleportation
 k - a scroll of blinking
 l - a scroll of acquirement
 w - 2 scrolls of immolation
 I - a scroll of fog
 K - 4 scrolls of vulnerability
 L - a scroll of identify
 M - a scroll of brand weapon {unknown}
 N - a scroll of amnesia {unknown}
 O - a scroll of torment
Potions
 c - 3 potions of invisibility
 f - 3 potions of might
 g - 4 potions of curing
 h - 2 potions of berserk rage
 p - a potion of magic
 s - 2 potions of ambrosia
 t - 5 potions of heal wounds
 u - a potion of cancellation {unknown}
 v - 3 potions of attraction
 x - 4 potions of flight
 z - 2 potions of mutation {unknown}
 C - 4 potions of haste
 F - a potion of resistance {unknown}


   Skills:
 * Level 6.3 Fighting
 * Level 8.4 Short Blades
 - Level 2.0 Throwing
 + Level 5.7 Dodging
 + Level 9.9 Stealth
 - Level 2.0 Shields
 + Level 4.5 Spellcasting
 + Level 8.0 Hexes
 - Level 2.0 Evocations


You had 7 spell levels left.
You knew the following spells:

 Your Spells              Type           Power      Damage    Failure   Level
a - Ensorcelled Hibernat  Hex/Ice        58%        N/A       2%          2
b - Confusing Touch       Hex            52%        N/A       1%          3
c - Tukima's Dance        Hex            52%        N/A       1%          3
d - Dazzling Flash        Conj/Hex       58%        N/A       4%          3

Your spell library contained the following spells:

 Spells                   Type           Power      Damage    Failure   Level
 Slow                     Hex            100%       N/A       1%          1
 Passwall                 Tmut/Erth      5%         N/A       13%         2
 Swiftness                Air            6%         N/A       26%         3
 Vampiric Draining        Necr           6%         2d6       26%         3


Dungeon Overview and Level Annotations

Branches:
Dungeon (9/15)             Temple (1/1) D:4         Ossuary (visited)
 Bailey (visited)
   Lair: D:8-11         Orc: D:9-12

Altars:
Cheibriados
Dithmenos
Fedhas
Gozag
Hepliaklqana
Kikubaaqudgha
Makhleb
Nemelex Xobeh
Okawaru
Qazlal
Ru
Sif Muna
Trog
Uskayaw
Vehumet
Wu Jian
Xom
Yredelemnul

Shops:
D:3 :   D:8 (

Annotations:
D:8 exclusions: oklob plant and oklob sapling
D:9 Erica


Innate Abilities, Weirdness & Mutations

Your natural rate of healing is accelerated.
You have razor-sharp teeth.
You have supernaturally acute eyesight. (SInv)
You are afflicted with vampirism and can become a bat while bloodless.


Message History

The helpless hornet fails to defend itself.
You spit the hornet like a pig!!!!
You kill the hornet!
The Council accepts your kill.
Your Hexes skill increases to level 8!
Unknown command.
Casting: Ensorcelled Hibernation (safe; 2% risk of failure)
Confirm with . or Enter, or press ? or * to list all spells.
Aiming: Tukima's Dance (safe; 1% risk of failure)
Press: ? - help, Shift-Dir - straight line, f - Erica
Aim: Erica, wielding a +1 scimitar of flaming and wearing a +0 robe (chance to affect: 37%) Erica resists with some effort.
Erica hits you with a +1 scimitar of flaming.
* * * LOW HITPOINT WARNING * * *
Erica burns you.
* * * LOW HITPOINT WARNING * * *
Unknown command.
Casting: Tukima's Dance (safe; 1% risk of failure)
Confirm with . or Enter, or press ? or * to list all spells.
Aiming: Tukima's Dance (safe; 1% risk of failure)
Press: ? - help, Shift-Dir - straight line, f/p - Erica
Aim: Erica, wielding a +1 scimitar of flaming and wearing a +0 robe (chance to affect: 37%)
The +1 scimitar of flaming dances into the air!
You block Erica's attack.
Erica points at you and mumbles some strange words.
You resist with some effort.
Unknown command.
Unknown command.
Casting: Tukima's Dance (safe; 1% risk of failure)
Confirm with . or Enter, or press ? or * to list all spells.
Your hands begin to glow red.
Erica hits you but does no damage.
Your +1 scimitar of flaming hits Erica.
Your +1 scimitar of flaming burns Erica.
Unknown command.
You hit Erica but do no damage.
Erica is lightly wounded.
Erica gestures at you while chanting. The bolt of poison hits you!!
You are poisoned.
You die...

## .. .# .#
##.# #(.# #@# #
#@#
#.##.####..#
#..?.......#
####.#####.#
#.# #.#
#######.#####.#
.........<....#
#######.#######


You could see Erica (ally target) and a friendly +1 scimitar of flaming.

Vanquished Creatures
  Maggie (D:7)
  A hornet (D:9)
  A steam dragon (D:7)
  Menkaure (Ossuary)
  3 water moccasins
  7 orc warriors (Bailey)
  2 black bears
  An ice beast (D:6)
  2 sky beasts (D:7)
  A phantom (D:7)
  3 centaurs
  Blork the orc (D:4)
  A kobold brigand (D:7)
  A gnoll sergeant (D:8)
  4 bullfrogs
  6 scorpions
  2 electric eels (D:7)
  7 hounds
  3 orc priests
  A gnoll bouda (D:6)
  5 iguanas
  4 orc wizards
  4 mummies
  Robin (D:2)
  10 adders
  20 gnolls
  3 shadow imps
  3 white imps
  3 dart slugs
  22 orcs
  9 ball pythons
  9 endoplasms
  3 giant cockroaches
  4 gnoll zombies (Ossuary)
  15 goblins
  12 hobgoblins
  12 jackals
  4 quokkas
  4 bats
  4 frilled lizards
  3 gnoll skeletons (Ossuary)
  4 goblin skeletons (Ossuary)
  5 goblin zombies (Ossuary)
  4 hobgoblin skeletons (Ossuary)
  4 hobgoblin zombies (Ossuary)
  17 kobolds
  5 kobold skeletons (Ossuary)
  5 kobold zombies (Ossuary)
  7 orc skeletons (Ossuary)
  4 orc zombies (Ossuary)
  11 rats
  2 rat skeletons (Ossuary)
  3 rat zombies (Ossuary)
274 creatures vanquished.

Vanquished Creatures (collateral kills)
  Edmund (D:6)
  2 orc warriors (Bailey)
3 creatures vanquished.

Vanquished Creatures (others)
  A dancing weapon (Bailey)
  An orc wizard (D:7)
  14 plants
16 creatures vanquished.

Grand Total: 293 creatures vanquished

Notes
Turn   | Place    | Note
-------+----------+-------------------------------------------
     0 | D:1      | tilp the Vampire Enchanter began the quest for the Orb.
     0 | D:1      | Reached XP level 1. HP: 13/13 MP: 3/3
   237 | D:1      | Reached XP level 2. HP: 20/20 MP: 5/5
   391 | D:1      | Learned a level 2 spell: Ensorcelled Hibernation
   790 | D:2      | Reached skill level 1 in Fighting
  1064 | D:2      | Gained mutation: You are afflicted with vampirism and can
                  | become a bat while bloodless. [Vampire growth]
  1064 | D:2      | Reached XP level 3. HP: 25/26 MP: 3/6
  1263 | D:2      | Identified the +2 scale mail "Saulyunaru" {*Slow Str+4}
  1346 | D:2      | Noticed Robin
  1507 | D:2      | Learned a level 3 spell: Confusing Touch
  2097 | D:2      | Killed Robin
  2098 | D:2      | Reached XP level 4. HP: 32/32 MP: 2/7
  2319 | D:3      | Found Dinew's Vocational Training.
  2320 | D:3      | Identified a scroll of acquirement
  2651 | D:3      | Noticed a scorpion
  2662 | D:3      | Reached skill level 5 in Hexes
  2672 | D:3      | Reached skill level 5 in Stealth
  2683 | D:3      | Reached XP level 5. HP: 21/38 MP: 0/8
  3079 | D:3      | Reached skill level 1 in Shields
  3436 | D:4      | Found a staircase to the Ecumenical Temple.
  3456 | D:4      | Reached XP level 6. HP: 46/46 MP: 9/9
  3532 | D:4      | Found a sand-covered staircase.
  3540 | Ossuary  | Entered an ossuary
  4020 | Ossuary  | Noticed Menkaure
  4038 | Ossuary  | Killed Menkaure
  4039 | Ossuary  | Reached XP level 7. HP: 16/51 MP: 3/11
  4223 | Temple   | Entered the Ecumenical Temple
  4414 | Temple   | Became a worshipper of the Wu Jian Council
  4876 | D:4      | Reached skill level 1 in Evocations
  5243 | D:4      | Noticed Blork the orc
  5259 | D:4      | Killed Blork the orc
  5260 | D:4      | Reached skill level 6 in Stealth
  5486 | D:5      | Entered Level 5 of the Dungeon
  5855 | D:5      | Found a radiant altar of Vehumet.
  5961 | D:5      | Reached skill level 5 in Short Blades
  5961 | D:5      | Reached XP level 8. HP: 38/60 MP: 1/12
  5969 | D:5      | Reached * piety under Wu Jian
  5975 | D:5      | Learned a level 3 spell: Tukima's Dance
  5979 | D:5      | Learned a level 3 spell: Dazzling Flash
  6117 | D:5      | Found a hide-covered altar of Uskayaw.
  6662 | D:6      | Reached skill level 7 in Stealth
  6829 | D:6      | Noticed Edmund
  6833 | D:6      | Reached skill level 8 in Stealth
  6844 | D:6      | Killed Edmund
  7209 | D:6      | Found a shimmering blue altar of Sif Muna.
  7326 | D:6      | Reached skill level 1 in Throwing
  7599 | D:6      | Reached XP level 9. HP: 66/66 MP: 14/14
  7922 | D:7      | Reached ** piety under Wu Jian
  8012 | D:7      | Reached skill level 5 in Fighting
  8067 | D:7      | Found a flagged portal.
  8124 | Bailey   | Entered a bailey
  8404 | Bailey   | Reached skill level 9 in Stealth
  8535 | Bailey   | Reached skill level 5 in Dodging
  9087 | D:7      | Noticed Maggie
  9099 | D:7      | Killed Maggie
  9352 | D:7      | Reached XP level 10. HP: 76/76 MP: 16/16
  9875 | D:7      | Reached *** piety under Wu Jian
 10490 | D:8      | Found Etafrucei's Antique Weapon Shoppe.
 10693 | D:8      | Noticed an oklob plant
 11179 | D:9      | Paralysed by a hornet for 2 turns
 11180 | D:9      | Noticed Erica
 11192 | D:9      | Killed from afar by Erica

Illustrated notes

Levels and vault maps discovered:
D:1:      dpeg_arrival_rhombus, layout_loops_ring
D:2:      layout_basic, uniq_robin
D:3:      layout_basic, nicolae_shop_vocational
D:4:      layout_cave_pods, minmay_temple_entry_grid, gup_ossuary_entry_pyramid,
          serial_bayou_ford_a, columned_hall_lemuel,
          minmay_fractal_squares_gapless_5, uniq_blork_the_orc
D:5:      layout_gridville, eat_drink_and_be_merry_uskayaw,
          mainiacjoe_overflow_alcove_1, small_statue_intersection,
          corner_web_ring
D:6:      layout_basic, mainiacjoe_overflow_alcove_4, uniq_edmund
D:7:      layout_loops_corners, enter_bailey_7, grunt_ministairs_11,
          nicolae_water_bricks, amcnicky_mini_pool_medium, uniq_maggie
D:8:      layout_cave_pools, serial_shops, nicolae_shop_hallway_stairs,
          introduction_to_nature_2
D:9:      layout_loops_ring, jmf_multi_god_temple, lair_entry_dummy,
          uniq_amaemon, uniq_erica
Temple:   nicolae_temple_bog_church

Skill      XL: |  1  2  3  4  5  6  7  8  9 10 |
---------------+-------------------------------+-----
Fighting       | 1 2 3 4 6 |  6.3
Short Blades   | 2 3 4 5 6 8 |  8.4
Hexes          | 5 6 7 8 |  8.0
Stealth        | 5 6 8 9 |  9.9
Shields        | 1 2 |  2.0
Dodging        | 3 4 5 |  5.7
Evocations     | 1 2 |  2.0
Spellcasting   | 3 4 |  4.5
Throwing       | 1 2 |  2.0

Action                     |  1- 3 |  4- 6 |  7- 9 | 10-12 || total
---------------------------+-------+-------+-------+-------++-------
  Melee: Dagger            |   120 |   289 |   305 |    91 ||   805
         Bite              |    11 |    29 |    26 |    10 ||    76
         Scimitar          |       |       |     2 |       ||     2
   Cast: Ensorcelled Hiber |    34 |    21 |    90 |    31 ||   176
         Confusing Touch   |       |     5 |     8 |     2 ||    15
         Tukima's Dance    |       |       |     9 |     2 ||    11
         Dazzling Flash    |       |       |     2 |     2 ||     4
Ability: Lunge             |       |       |    34 |     6 ||    40
         Whirlwind         |       |       |     7 |     1 ||     8
  Evoke: Wand              |       |     3 |       |     2 ||     5
    Use: Scroll            |     3 |     5 |    14 |     1 ||    23
         Potion            |       |       |     1 |       ||     1
   Stab: Sleeping          |    26 |    21 |    64 |    18 ||   129
         Distracted        |       |     2 |       |       ||     2
         Confused          |       |     2 |    10 |     1 ||    13
         Invisible         |       |       |     4 |     2 ||     6
 Armour: Robe              |    23 |    25 |    59 |       ||   107
         Steam dragon scal |       |       |       |    24 ||    24
  Dodge: Dodged            |    79 |   100 |   131 |    46 ||   356
  Block: Buckler           |     7 |    18 |    42 |    12 ||    79

Table legend: (Time is in decaauts)
 A = Elapsed time spent in this place.
 B = Non-inter-level travel time spent in this place.
 C = Inter-level travel time spent in this place.
 D = Time resting spent in this place.
 E = Time spent auto-exploring this place.
 F = Levels seen in this place.
 G = Mean time per level.
                   A        B        C        D        E       F      G
               +--------+--------+--------+--------+--------+-----+--------+
         Total |  10940 |  10430 |    510 |   1391 |   6736 |  12 |  911.7 |
       Dungeon |   9336 |   8846 |    490 |    937 |   6195 |   9 | 1037.3 |
        Temple |    217 |    197 |     20 |      0 |    180 |   1 |  217.0 |
       Ossuary |    519 |    519 |      0 |     67 |    226 |   1 |  519.0 |
        Bailey |    867 |    867 |      0 |    387 |    134 |   1 |  867.0 |
               +--------+--------+--------+--------+--------+-----+--------+

Top non-repeatable levels by time:
     D:7: 1463 daAuts
     D:2: 1283 daAuts
     D:4: 1259 daAuts
     D:6: 1164 daAuts
     D:1: 1113 daAuts
     D:8: 1021 daAuts
     D:5: 1019 daAuts
     D:3: 982 daAuts
  Bailey: 867 daAuts
 Ossuary: 519 daAuts
  Temple: 217 daAuts
     D:9: 27 daAuts
